 Dungeon Crawl Stone Soup version 0.30.1-9-gdf580d7c3d (webtiles) character file.

Game seed: 1766787485980409662

8919 Nonny the Zephyrmancer (level 11, -19/61 HPs)
             Began as a Tengu Air Elementalist on Oct 2, 2023.
             Was an Initiate of Gozag.
             Demolished by a boulder beetle (47 damage)
             ... on level 11 of the Dungeon.
             The game lasted 01:13:13 (13326 turns).

Nonny the Zephyrmancer (Tengu Air Elementalist)    Turns: 13326, Time: 01:13:13

Health: -19/61     AC:  5    Str: 15    XL:     11   Next: 38%
Magic:  5/26       EV: 14    Int: 20    God:    Gozag
Gold:   1195       SH:  8    Dex: 20    Spells: 11/30 levels left

rFire   . . .        q - +3 spear of the Firefly {freeze, rC+ Will+}
rCold   + + .        N - +3 buckler
rNeg    . . .        B - +0 leather armour {rC+}
rPois   .            (helmet restricted)
rElec   .            c - +0 cloak
rCorr   .            h - +0 pair of gloves
SInv    .            (boots unavailable)
Will    +....        (no amulet)
Stlth   +++          g - +6 ring of dexterity
HPRegen 0.30/turn    H - +6 ring of strength
MPRegen 0.20/turn

%: no passive effects
@: flying quickly and evasively, quick
A: beak, talons 3, nimble flight
a: Renounce Religion, Potion Petition, Call Merchant, Bribe Branch


You were on level 11 of the Dungeon.
You worshipped Gozag.
Gozag was most pleased with you.
You visited 2 branches of the dungeon, and saw 12 of its levels.

You collected 1824 gold pieces.
You paid 629 gold pieces to Gozag.

Inventory:

Hand Weapons
 q - the +3 spear of the Firefly (weapon) {freeze, rC+ Will+}
   (You found it on level 2 of the Dungeon)

   rC:        It protects you from cold.
   Will:      It increases your willpower.
 u - the +2 lajatang "Xasu" {vamp, *Slow rElec rC- Will+++}
   (You found it on level 4 of the Dungeon)

   rC:        It makes you vulnerable to cold.
   rElec:     It insulates you from electricity.
   *Slow:     It may slow you when you take damage.
   Will:      It greatly increases your willpower.
Missiles
 i - 22 poisoned darts
 t - 8 throwing nets
 y - 2 curare-tipped darts
 E - 6 datura-tipped darts
Armour
 c - a +0 cloak (worn)
 h - a +0 pair of gloves (worn)
 B - a +0 leather armour of cold resistance (worn)
 N - a +3 buckler (worn)
Magical Staves
 n - a staff of death
Jewellery
 g - a +6 ring of dexterity (left hand)
 H - a +6 ring of strength (right hand)
Wands
 r - a wand of roots (8)
 w - a wand of charming (12)
 A - a wand of digging (7)
 F - a wand of flame (5)
 K - a wand of polymorph (9)
Scrolls
 a - 2 scrolls of amnesia {unknown}
 k - 2 scrolls of teleportation {unknown}
 l - a scroll of summoning {unknown}
 o - 2 scrolls of fog
 x - a scroll of immolation
 z - 5 scrolls of noise {unknown}
 C - a scroll of magic mapping
 D - a scroll of poison
Potions
 b - a potion of magic
 d - 3 potions of lignification
 e - a potion of ambrosia {unknown}
 j - 2 potions of might
 m - 2 potions of haste
 p - 2 potions of attraction {unknown}
 s - 2 potions of cancellation
 v - 2 potions of brilliance {unknown}
 G - 3 potions of curing
 I - a potion of degeneration {unknown}
 J - a potion of flight {unknown}
 L - a potion of mutation
 M - a potion of experience {unknown}
Miscellaneous
 f - a phial of floods


   Skills:
 + Level 4.2 Fighting
 + Level 3.0 Staves
 - Level 4.0 Armour
 - Level 2.1 Dodging
 - Level 4.0 Stealth
 + Level 3.2 Shields
 - Level 10.0 Spellcasting
 - Level 7.0 Conjurations
 - Level 3.0 Ice Magic
 + Level 12.5 Air Magic


You had 11 spell levels left.
You knew the following spells:

 Your Spells              Type           Power      Damage    Failure   Level
a - Shock                 Conj/Air       100%       1d9       1%          1
b - Static Discharge      Conj/Air       98%        2-7/arc   1%          2
c - Airstrike             Air            28%        2d(5-21)  1%          4
d - Ensorcelled Hibernat  Hex/Ice        32%        N/A       9%          2
e - Freezing Cloud        Conj/Ice/Air   20%        6-21      14%         5
f - Poisonous Vapours     Pois/Air       70%        N/A       1%          2
g - Mephitic Cloud        Conj/Pois/Air  36%        N/A       2%          3

Your spell library contained the following spells:

 Spells                   Type           Power      Damage    Failure   Level
 Swiftness                Air            57%        N/A       1%          3
 Cigotuvi's Dreadful Rot  Necr/Pois/Air  52%        N/A       3%          2
 Beastly Appendage        Tmut           20%        N/A       11%         1
 Slow                     Hex            40%        N/A       11%         1
 Summon Small Mammal      Summ           40%        N/A       11%         1
 Wereblood                Tmut           10%        N/A       17%         2
 Call Canine Familiar     Summ           10%        N/A       32%         3
 Confusing Touch          Hex            10%        N/A       32%         3
 Ignite Poison            Fire/Tmut/Pois 10%        N/A       32%         3
 Spider Form              Tmut/Pois      10%        N/A       32%         3
 Summon Guardian Golem    Hex/Summ       10%        N/A       32%         3
 Vampiric Draining        Necr           10%        2d6       32%         3
 Anguish                  Hex/Necr       5%         N/A       73%         4
 Malign Gateway           Summ/Tloc      5%         N/A       100%        7
 Summon Horrible Things   Summ           5%         N/A       100%        8


Dungeon Overview and Level Annotations

Branches:
Dungeon (11/15)            Temple (1/1) D:7            Lair (0/5) D:10
    Orc (0/2) D:9

Altars:
Ashenzari
Cheibriados
Dithmenos
Elyvilon
Fedhas
Gozag
Hepliaklqana
Kikubaaqudgha
Makhleb
Nemelex Xobeh
Okawaru
Qazlal
Ru
Sif Muna
Trog
Uskayaw
Vehumet
Wu Jian
Xom
Yredelemnul
Zin
The Shining One


Innate Abilities, Weirdness & Mutations

You have a beak for a mouth.
You have claws for feet.
Your magical nature lets you fly swiftly and evasively.


Message History

The kobold throws a stone.
You block the stone.
A kobold comes into view. It is wielding a +0 short sword.
Unknown command.
Casting: Shock (safe; 1% risk of failure)
Confirm with . or Enter, or press ? or * to list all spells.
Aiming: Shock (safe; 1% risk of failure)
Press: ? - help, Shift-Dir - straight line, f/p - kobold
Aim: a kobold, wielding a +0 dagger and quivering stones (heavily wounded, 67% to hit)
The zap hits the kobold but does no damage.
The kobold is heavily wounded.
The zap misses the kobold.
The kobold is distracted by your dazzling golden aura.
Casting: Shock (safe; 1% risk of failure)
Confirm with . or Enter, or press ? or * to list all spells.
Aiming: Shock (safe; 1% risk of failure)
Press: ? - help, Shift-Dir - straight line, f/p - kobold
Aim: a kobold, wielding a +0 dagger and quivering stones (moderately wounded, unaware, hasn't noticed you, 67% to hit)
The zap hits the kobold.
You kill the kobold!
The zap hits the kobold.
You kill the kobold!
Unknown command.
Casting: Shock (safe; 1% risk of failure)
Confirm with . or Enter, or press ? or * to list all spells.
Okay, then.
Found 6 stones.
You now have 1195 gold pieces (gained 6).
Things that are here:
a +0 dagger; 3 stones A kobold brigand comes into view.
It is wielding a +0 short sword of speed and quivering poisoned darts.
A boulder beetle comes into view.
The boulder beetle curls into a ball and begins rolling!
Things that are here:
5 gold pieces; a +0 short sword
Things that are here:
a +0 dagger; 3 stones The boulder beetle hits you!!!
Ouch! That really hurt!
You die...
Your body crumbles into a pile of gold.

... #...##...#
....##.(.##...#
#..........#...# #
...#.#....#...+
#.#........##...#
##...#.#...##.<.#
#..........##.).##
#....##...##$...#
#.......)@......#
#....$$..B...........
##K#.#..○..........#.
........°..........##
....#.#.°.........##
.......°#####..$#...
......##. #...#....
...... . .........
##.... .


You could see a boulder beetle (rolling) and a kobold brigand (wandering).

Vanquished Creatures
  Urug (D:10)
  Pikel (D:5)
  A manticore (D:11)
  A komodo dragon (D:10)
  2 hornets
  2 wyverns
  3 shadows (D:9)
  2 basilisks (D:10)
  10 yaks
  A vampire (D:10)
  Eustachio (D:4)
  A steam dragon (D:10)
  Menkaure (D:4)
  An acid dragon (D:10)
  2 water moccasins
  An ice beast (D:6)
  An orc warrior (D:10)
  3 black bears
  2 phantoms
  4 bullfrogs
  4 gnoll sergeants
  4 scorpions
  7 wights
  2 troll zombies (D:9)
  10 killer bees
  6 howler monkeys
  3 jellies
  Crazy Yiuf (D:6)
  2 gnoll boudas
  3 orc priests
  4 hounds
  5 iguanas
  A sleepcap (D:5)
  Ijyb (D:4)
  3 orc wizards (D:10)
  4 ogre zombies (D:9)
  26 gnolls
  4 adders
  3 white imps
  An ufetubus (D:4)
  2 dart slugs
  35 orcs
  4 bats
  6 endoplasms
  2 giant cockroaches
  2 goblins
  6 hobgoblins
  8 jackals
  10 kobolds
  3 quokkas
  3 ball pythons
  A frilled lizard (D:1)
  A goblin skeleton (D:9)
  A goblin zombie (D:9)
  A hobgoblin skeleton (D:9)
  A hobgoblin zombie (D:9)
  4 orc skeletons (D:9)
  11 orc zombies (D:9)
  10 rats
246 creatures vanquished.

Notes
Turn   | Place    | Note
-------+----------+-------------------------------------------
     0 | D:1      | Nonny the Tengu Air Elementalist began the quest for the
                  | Orb.
     0 | D:1      | Reached XP level 1. HP: 10/10 MP: 4/4
    66 | D:1      | Reached XP level 2. HP: 15/15 MP: 0/6
   106 | D:1      | Learned a level 2 spell: Static Discharge
   199 | D:1      | Starting vault: STAR-ting vault
   562 | D:1      | +6 dex ring in northeast hallway.
   692 | D:1      | gloves in east
  1004 | D:2      | sedimented green potion - lignification
  1004 | D:2      | VEORIN NEIP - identify
  1005 | D:2      | GUMMUZIFRAE - vulnerability
  1054 | D:2      | Reached skill level 5 in Air Magic
  1097 | D:2      | Reached XP level 3. HP: 16/19 MP: 0/7
  1178 | D:2      | Found a faded altar of an unknown god.
  1255 | D:2      | staff of death in north
  1270 | D:2      | Found a hazy altar of Hepliaklqana.
  1706 | D:2      | Identified the +3 spear of the Firefly {freeze, rC+ Will+}
  2047 | D:3      | Noticed a black bear
  2290 | D:3      | Reached XP level 4. HP: 24/24 MP: 1/8
  2416 | D:3      | Learned a level 4 spell: Airstrike
  2698 | D:4      | VYCOSI GAVOJEH - fog
  2723 | D:4      | golden potion - might
  2730 | D:4      | Identified the +2 lajatang "Xasu" {vamp, *Slow rElec rC-
                  | Will+++}
  2767 | D:4      | Reached skill level 6 in Air Magic
  2898 | D:4      | Gained mutation: Your magical nature lets you fly swiftly
                  | and evasively. [Tengu growth]
  2898 | D:4      | Reached XP level 5. HP: 28/28 MP: 6/9
  2920 | D:4      | Noticed Menkaure
  2921 | D:4      | Noticed Eustachio
  2949 | D:4      | Killed Menkaure
  2950 | D:4      | Reached skill level 1 in Staves
  2950 | D:4      | Reached skill level 7 in Air Magic
  2950 | D:4      | Reached XP level 6. HP: 13/32 MP: 10/10
  3066 | D:4      | Killed Eustachio
  3067 | D:4      | Reached skill level 8 in Air Magic
  3074 | D:4      | Learned a level 2 spell: Ensorcelled Hibernation
  3099 | D:4      | Noticed a black bear
  3107 | D:4      | Reached XP level 7. HP: 31/37 MP: 1/11
  3228 | D:4      | Vault: 4 4x4 lava pools. Contains black bear and weaker
                  | enemies.
  3288 | D:4      | Noticed Ijyb
  3292 | D:4      | Killed Ijyb
  3397 | D:4      | pink potion - heal wounds
  3398 | D:4      | smoky clear potion - curing
  3686 | D:4      | You are sucked into a shaft and drop 3 floors!
  3865 | D:7      | Reached skill level 1 in Fighting
  3936 | D:7      | Reached skill level 9 in Air Magic
  4034 | D:7      | Reached XP level 8. HP: 40/43 MP: 5/14
  4034 | D:7      | Found a staircase to the Ecumenical Temple.
  4053 | Temple   | Entered the Ecumenical Temple
  4338 | Temple   | Temple: deep water boxes, lava triangles
  4358 | Temple   | Became a worshipper of Gozag Ym Sagoz the Greedy
  4359 | Temple   | 69 gold fee. B)
  4389 | D:7      | Temple entrance: 4 arrows
  4420 | D:7      | Reached skill level 1 in Armour
  4914 | D:7      | orange potion - cancellation
  4983 | D:6      | Reached skill level 10 in Air Magic
  5013 | D:6      | Reached skill level 5 in Spellcasting
  5028 | D:6      | Learned a level 5 spell: Freezing Cloud
  5081 | D:6      | Reached skill level 1 in Ice Magic
  5119 | D:6      | Identified the +10 war axe of Change {distort, rElec rF++
                  | Int+2 Stlth+}
  5270 | D:6      | Reached XP level 9. HP: 37/48 MP: 8/18
  5332 | D:6      | Found a runed translucent door.
  5333 | D:6      | Noticed Crazy Yiuf
  5337 | D:6      | Killed Crazy Yiuf
  6282 | D:5      | Entered Level 5 of the Dungeon
  6425 | D:5      | 4chamb with metal walls.
  6736 | D:5      | Noticed Pikel
  6740 | D:5      | Killed Pikel
  6902 | D:5      | Found a shimmering blue altar of Sif Muna.
  9176 | D:8      | Reached XP level 10. HP: 32/56 MP: 8/23
  9622 | D:8      | +2 buckler from gnoll sergeant
  9872 | D:8      | fizzy ruby potion - berserk rage
 10012 | D:9      | ZYED KUAQOUNO - enchant weapon
 10013 | D:9      | CYIMEYH KALU - enchant armor
 10014 | D:9      | UNUNEX LETH - magic mapping
 10015 | D:9      | ROANOENO UCHIM - immolation
 10016 | D:9      | VOAJIST QUYCUZOQUJ - fear
 10017 | D:9      | NADWIEGUMA LOPTO - poison
 10018 | D:9      | ATHIOB FERPHIUCVYM - silence
 10079 | D:9      | HP: 2/84 [yak (11)]
 10094 | D:9      | Reached skill level 5 in Conjurations
 10558 | D:9      | Paralysed by a hornet for 3 turns
 10772 | D:9      | Found a staircase to the Orcish Mines.
 10937 | D:9      | Reached skill level 1 in Shields
 11834 | D:10     | Entered Level 10 of the Dungeon
 11860 | D:10     | Noticed Urug
 12034 | D:10     | Reached skill level 10 in Spellcasting
 12257 | D:10     | Book of Vapors
 12260 | D:10     | Learned a level 2 spell: Poisonous Vapours
 12264 | D:10     | Learned a level 3 spell: Mephitic Cloud
 12480 | D:10     | Killed Urug
 12481 | D:10     | Reached skill level 11 in Air Magic
 12481 | D:10     | Reached XP level 11. HP: 30/61 MP: 2/26
 12780 | D:10     | glowing inky potion - mutation
 12805 | D:10     | phial of floods in center of floor
 12987 | D:10     | Reached skill level 12 in Air Magic
 13089 | D:10     | Found a staircase to the Lair.
 13291 | D:11     | Noticed a manticore
 13296 | D:11     | Killed a manticore
 13322 | D:11     | Noticed a boulder beetle
 13326 | D:11     | Demolished by a boulder beetle

Illustrated notes #.# #.......#........##. #.# #.......#........... #.#######.....###......?... #.............# #.......... #............## ##......... #.##########'#####'########### ##...### ##.....## ###..# .......### ##.....## ###....# #........####...@...####......# #..........##.......##........# #..###.....###.....###.......##.# #....#.....# ###'### #..........# .....#....## ##.## ##....####.# ..........# ###...### #....# # .........####.......####...# .....#...##...........##...# .....#..#....##.###.....#..# Turn 199 on D:1: Starting vault: STAR-ting vault .########..............# ...........###########.# .......................# #.......#################### #.#.....................[..# ..#......#################.# ..#......# #.# .)#......# ########### #.# ..+......# #..@......# #.# ..#......# #.#######.###.# ###......# # #.......# #......# #.#.##### #.#.# # #.# #.# #.# #.# Turn 562 on D:1: +6 dex ring in northeast hallway. #.# ###.#...#### #.# ...........# ..# ##.#######'###### ### ... #...........# ..# #... #...........# ..# # #...........# ### #...........# ..# .##...........# ..# .......@........ ..# #.............## ..# #....###+###+## .##.# #.... ....# #.... ###.# #... # +.. Turn 692 on D:1: gloves in east ###### #?..@# #.#......# #..##### #... ##.# ..# ### Turn 1004 on D:2: sedimented green potion - lignification ###### #?..@# #.#......# #..##### #... ##.# ..# ### Turn 1005 on D:2: GUMMUZIFRAE - vulnerability ########### #.........# #.........# #.........# ##########.........#.#.. #...............@....... #......###.........###.# #......###.........# #........##########).. ########.# .#.. .....# #.# # .. ####.# #.# . # #.# #.# # #.# #.# Turn 1255 on D:2: staff of death in north #.. .# #.. ..# #..# #..# ...###...# ..)....### ####..<....o. .##..r§§§...... ......§@§.!.... g###...§§..#... #.......# #.......# #...??.... #...##..#.. #.>. #..... #... #.... Turn 2698 on D:4: VYCOSI GAVOJEH - fog ...###...# ..)....####. ####..<........ .).##............. .........<..).... ...###.......#... #.......# . #......†#.... #...@......... #...##..#..... #.>.###....... #...# ##...... #### ...... ...... #.... ... Turn 2723 on D:4: golden potion - might #................# #....§...........# #..≈≈≈§....≈≈≈≈..# #..≈§≈≈....≈≈≈≈..# #..≈≈≈≈....≈≈≈≈..# #..§≈≈≈....§§§≈..# ### #................### ..# #...........†....'.# ..# #.......(.@..§...'.# ..# #......^.........#)# ### #..≈≈≈≈....≈§≈≈..#)# # #..≈≈≈§....≈§≈≈..#.# # #..≈≈≈≈....≈≈§§§.#.# #..§≈≈≈....≈§§≈..#.# #...§§...)....§§.#.# #............§§..#.# ##################.# Turn 3228 on D:4: Vault: 4 4x4 lava pools. Contains black bear and weaker enemies. ########..<........##.##......... ...##....................##...... .........<..)......###.###..####. ...###.......#.........##..###### ...# #.......#................... ...# #.......#........#...####### #### #........................... #...##..#........#..#######. #.>.###....@........## #... #...# ##..........#..# ##.## ##### #..........##.###..# #.........###..##.## ##....##..# ##....# #....#..## ####.# #....#.## ### #......# #####..# Turn 3397 on D:4: pink potion - heal wounds ########..<........##.##......... ...##....................##...... .........<..)......###.###..####. ...###.......#.........##..###### ...# #.......#................... ...# #.......#........#...####### #### #........................... #...##..#........#..#######. #.>.###....@........## #... #...# ##..........#..# ##.## ##### #..........##.###..# #.........###..##.## ##....##..# ##....# #....#..## ####.# #....#.## ### #......# #####..# Turn 3398 on D:4: smoky clear potion - curing ##### #...# #####._.### ########.......... #....§§.§§§≈.≈≈≈≈≈ #._.§≈§≈§≈≈≈.≈≈≈≈≈ ##...§§§≈§≈§§.≈≈≈≈≈ ##.≈≈≈.≈§≈§≈≈≈.≈≈≈≈≈ ##.≈@≈≈≈.§§≈§§§≈≈≈≈≈≈ ##.≈≈≈≈≈≈≈.≈≈≈§.≈≈≈≈≈≈ ##.≈≈≈≈≈≈≈≈≈.≈§≈.≈≈≈≈≈≈ ####.≈≈≈≈≈≈≈≈≈≈≈.≈≈.≈≈≈≈≈≈ #...≈≈≈≈≈≈≈≈≈≈≈≈≈...≈≈≈≈≈≈ #._.≈≈≈≈≈≈≈≈≈≈≈≈≈._.≈≈≈≈≈≈ #...≈≈≈≈≈≈≈≈≈≈≈≈≈.......≈≈ #§≈≈§§≈≈≈≈≈≈≈≈≈≈.≈≈.≈≈§≈.. #§≈≈§.≈≈≈≈≈≈≈≈≈.≈≈≈.§§≈§≈§ Turn 4338 on Temple: Temple: deep water boxes, lava triangles .≈≈≈≈≈.≈≈≈≈≈≈≈≈≈≈≈.≈≈≈.## §§≈§≈≈.≈≈≈≈≈≈≈≈≈≈≈.§≈≈≈.## ≈≈.≈≈≈.≈≈≈≈≈≈≈≈≈≈≈.§≈≈≈≈.## ≈≈≈§§≈.≈≈≈≈≈≈≈≈≈≈.≈§≈≈≈§≈.#### ≈≈≈≈...≈≈≈≈≈≈≈≈≈≈.§§§§≈§≈≈...# ≈≈≈≈._.≈≈≈≈≈≈≈≈≈≈.§§§§≈≈≈≈._.#### ≈≈≈≈.......≈≈≈≈≈≈.≈≈§≈.§......... ≈≈≈.≈§.≈≈≈≈.......§§§.≈≈≈§.≈≈≈≈≈≈ ≈≈.≈≈§.≈≈≈§§≈≈≈.@.§§≈≈≈≈§≈.≈≈≈≈≈≈ ≈§≈≈≈≈.≈§§≈≈≈≈≈...§§§§≈§≈≈.≈≈≈≈≈≈ §§≈≈≈≈.§§≈≈§≈§.≈≈≈.≈§§≈§≈≈.≈≈≈≈≈≈ §≈≈§§≈§§§≈§≈≈§≈§≈≈≈.§§≈§≈.§≈≈≈≈≈≈ §≈≈≈≈§≈.§§≈≈§≈≈≈≈≈≈≈.≈≈≈≈.≈≈≈≈≈≈≈ ≈§§≈≈≈§.§§≈§≈≈≈≈≈≈≈≈≈.≈≈≈.≈≈≈≈≈≈≈ ...§≈≈≈.≈≈.≈≈≈≈≈≈≈≈≈≈≈.≈≈.≈≈≈≈≈≈≈ ≈≈≈.......≈≈≈≈≈≈≈≈≈≈≈≈≈...≈≈≈≈≈≈≈ ≈≈≈≈≈§≈._.≈≈≈≈≈≈≈≈≈≈≈≈≈._.≈≈≈≈≈≈≈ Turn 4359 on Temple: 69 gold fee. B) # #.##.#######..# #.#######..# # #.##.# #...####.#######..# # #.##.#####..#...[.......##o.# ### #.##....#...#...##.####.##..# ..# #.##.##...#.#.#..#.# #.#...# #.# #.##.##....###.....# #.#...# #.###.##.#..#...#...#..# #...).# .......#.... #.....#....#####)#.. #.###..#..#####.@.#####.....).... .............#.[...# ............ .....#.###..#...#...#..##.###)#.# #....#.###.....###....# #.# #.#.# #.............#.# #..... #.#.# ##....#######...# ...#. ....# ......# #...# #### ##..# .##...### #.#... ..# ......... ....... .. Turn 4389 on D:7: Temple entrance: 4 arrows #.# #...................#. #.# #..#........#.###..#.. #.# #..#.###....#.###..... #.# #....###.............# #.#########....###....#######.. #........##...........# #.. ########.#.......##...#######.# #>......)............... ###....@..##..#######.## ##.....###..# #.# ##....# #..# #.# ##.#.# #..# #.# #.#.###..#######.# #.#...#..##......# #...#....##.###### #..###...##.####### #...#.............# Turn 4914 on D:7: orange potion - cancellation #..# #..#.#.#### #..######..#.#.# ##..........#.#.# ##.....######...## #..<....####.###.## .........##.## ##.# ...<.....'..# #.# .........##.## ##.# #......@####.###.## ##.....## ##...## ##...# ###.# ##+# #.# #.# #.# #.# #.# #.# Turn 6425 on D:5: 4chamb with metal walls.

..##.#..#.....#.####..#######....
...#......................# #....
.#.#####.###....#.....#######....
..................#.#.#..........
..######.####..##.#.......####...
...###..................#.#######
.......##......).##..#...........
<..###.......#.).).).))#..#####.#
......))....<.))@#.#.##...#####..
.....))....###..##.#.............
.......)...# #...#.##.#>.........
.####.#....##########.#.........#
...#..................#.........#
.#.#.#...################.......#
.#.............# #...........#
.###.....#####.# #.###.......' .#
#.##### #.# ####.# #.#.....#


Turn 9622 on D:8: +2 buckler from gnoll sergeant ###.............###........
#...................##..... #...........#<..###.......#
#........##.#............<. #......<.##'#...........###
#...##.....<............# # ########......####.#....### #........#..........
#..@~~.#.#.#...##### #.~~≈..#............ #.~~~..###.....##### #......# #.#####
# #......# ### ### ######## #.. #.# #.# #.# Turn 9872 on D:8: fizzy ruby potion
- berserk rage ## .. #. #. #. #.#.##.######## #......@....... ###.###.####.##
#.# #.# #<# #.# #.# #.# Turn 10012 on D:9: ZYED KUAQOUNO - enchant weapon ## ..
#. #. #. #.#.##.######## #......@....... ###.###.####.## #.# #.# #<# #.# #.# #.#
Turn 10013 on D:9: CYIMEYH KALU - enchant armor *,* ***,,***, ***,* *,,,,,,,*
**,*,*##* *,**,**** *,*,,,..* *,**,* * **,*,*#.* *,**,* * *,*,*#.* *,**,* *
*,*,*#.* *,**,* * #.#.##.########*,**,* * #......@.......,,,,,* *
###.###.####.##*,**** *,* #.#**,*,**,******* *,* #.#*,***,,,,,,,,,* *,* #<#,**
**,******** *,* #.#*,***,*******,* *,* #.#**,*,,,,,,,,,** *,**#.#***,*******,*,*
*,,,,,<* *** *,*** Turn 10014 on D:9: UNUNEX LETH - magic mapping *,* ***,,***,
***,* *,,,,,,,* **,*,*##* *,**,**** *,*,,,..* *,**,* * **,*,*#.* *,**,* *
*,*,*#.* *,**,* * *,*,*#.* *,**,* * #.#.##.########*,**,* *
#......@.......,,,,,* * ###.###.####.##*,**** *,* #.#**,*,**,******* *,*
#.#*,***,,,,,,,,,* *,* #<#,** **,******** *,* #.#*,***,*******,* *,*
#.#**,*,,,,,,,,,** *,**#.#***,*******,*,* *,,,,,<* *** *,*** Turn 10015 on D:9:
ROANOENO UCHIM - immolation *,* ***,,***, ***,* *,,,,,,,* **,*,*##* *,**,****
*,*,,,..* *,**,* * **,*,*#.* *,**,* * *,*,*#.* *,**,* * *,*,*#.* *,**,* *
#.#.##.########*,**,* * #......@.......,,,,,* * ###.###.####.##*,**** *,*
#.#**,*,**,******* *,* #.#*,***,,,,,,,,,* *,* #<#,** **,******** *,*
#.#*,***,*******,* *,* #.#**,*,,,,,,,,,** *,**#.#***,*******,*,* *,,,,,<* ***
*,*** Turn 10016 on D:9: VOAJIST QUYCUZOQUJ - fear *,* ***,,***, ***,* *,,,,,,,*
**,*,*##* *,**,**** *,*,,,§§* *,**,* * **,*,*#§* *,**,* * *,*,*#§* *,**,* *
*,*,*#§* *,**,* * #§#§##§########*,**,* * #§§§§§§@§§§§§§§,,,,,* *
###§###§####§##*,**** *,* #§#**,*,**,******* *,* #§#*,***,,,,,,,,,* *,* #§#,**
**,******** *,* #§#*,***,*******,* *,* #§#**,*,,,,,,,,,** *,**#§#***,*******,*,*
*,,,,,<* *** *,*** Turn 10017 on D:9: NADWIEGUMA LOPTO - poison *,* ***,,***,
***,* *,,,,,,,* **,*,*##* *,**,**** *,*,,,§§* *,**,* * **,*,*#§* *,**,* *
*,*,*#§* *,**,* * *,*,*#§* *,**,* * #§#§##§########*,**,* *
#§§§§§§@§§§§§§§,,,,,* * ###§###§####§##*,**** *,* #§#**,*,**,******* *,*
#§#*,***,,,,,,,,,* *,* #§#,** **,******** *,* #§#*,***,*******,* *,*
#§#**,*,,,,,,,,,** *,**#§#***,*******,*,* *,,,,,<* *** *,*** Turn 10018 on D:9:
ATHIOB FERPHIUCVYM - silence $ # .# #######.# #.......# #.......# #.......#
#.......# #.@.....# #.......# #.......# #.......# #.......# #.......# #.......#
#...#####.......# #...............# Turn 12257 on D:10: Book of Vapors #.
#.......#### ... ... #..#........... #.... #.. #.............. ...... #..
#..##.....##### ....... #..###..##.....# # ........ #.......##.....# # ........
#.......##.....# # ........ #.......##.....# # .......... #..@....##.....# #
.......#... #.......##.....##### .......#...###.......##.......... ..###.
#.............##.......... ..# #.............##.......... ..#
#......[.................. ..# #.[....................... ..#
#..#................##....... ..# #..#................##....... Turn 12780 on
D:10: glowing inky potion - mutation ..... ..... #....!......# .....
#...........# ..... #...........# ####. #........... #...# # #......... #.... #
#.... #.......# #.... # #.... #.......# #...# # #..... #....@}.# #...# # #.....
#.......# #...# # #.....###.......# #...# # #...............# #.. #..<# #
#...............# #..##...# # #...............# #..##...# # #...............#
#..##...# # #...............# # #..##...# # #...............# #. #.......# Turn
12805 on D:10: phial of floods in center of floor

Levels and vault maps discovered:
D:1:      onia_arrival_pentagram, layout_basic
D:2:      layout_basic, shapermc_ecumenical_altar_flowoftime, basic_altar
D:3:      layout_basic
D:4:      layout_rooms, corexii_item_surrounded_by_moat, eino_tiny_chamber,
          kennysheep_dice, uniq_menkaure, uniq_eustachio, uniq_ijyb
D:5:      kennysheep_spiral_hall, layout_loops_corners,
          mainiacjoe_overflow_six_doors_small,
          hangedman_abyss_or_decor_jellyfish_corner, uniq_pikel
D:6:      layout_basic, uniq_crazy_yiuf_cottage
D:7:      layout_loops_ring, minmay_temple_entry_arrows
D:8:      layout_basic, chequers_jeans
D:9:      layout_loops_ring, zombieorc1_lemuel, minmay_hedge_maze
D:10:     layout_long_grid, erik_lair_dragon, uniq_urug
D:11:     layout_gridville, serial_glass, glass_columns_a, glass_columns_a,
          item_on_display_a, item_on_display_a, trog_three_pillars_becter
Temple:   mainiacjoe_temple_archimedes_tessellation

Skill      XL: |  1  2  3  4  5  6  7  8  9 10 11 |
---------------+----------------------------------+-----
Air Magic      | 5 6 7 8 9 10 11 12 | 12.5
Stealth        | 3 4 |  4.0
Staves         | 1 2 3 |  3.0
Fighting       | 1 3 4 |  4.2
Spellcasting   | 3 5 8 10 | 10.0
Armour         | 3 4 |  4.0
Ice Magic      | 1 3 |  3.0
Conjurations   | 3 7 |  7.0
Shields        | 2 3 |  3.2
Dodging        | |  2.1

Action                     |  1- 3 |  4- 6 |  7- 9 | 10-12 || total
---------------------------+-------+-------+-------+-------++-------
  Melee: Dagger            |    15 |       |       |       ||    15
         Peck              |     5 |     5 |    22 |    28 ||    60
         Kick              |     3 |     3 |    38 |    44 ||    88
         Spear             |     8 |     5 |   138 |   148 ||   299
         Staff             |     6 |       |       |       ||     6
         Lajatang          |       |    16 |       |       ||    16
         Punch             |       |       |     2 |       ||     2
   Cast: Shock             |    54 |    18 |    76 |    63 ||   211
         Static Discharge  |     2 |     3 |    30 |    21 ||    56
         Airstrike         |       |     2 |    46 |    46 ||    94
         Ensorcelled Hiber |       |       |     1 |       ||     1
         Mephitic Cloud    |       |       |       |    13 ||    13
         Poisonous Vapours |       |       |       |    13 ||    13
 Invoke: Potion Petition   |       |       |     1 |       ||     1
    Use: Scroll            |     2 |     2 |     5 |    10 ||    19
         Potion            |       |     1 |     4 |     6 ||    11
   Stab: Sleeping          |     1 |       |       |       ||     1
         Distracted        |       |       |       |     1 ||     1
 Armour: Robe              |       |     3 |     1 |       ||     4
         Skin              |       |     2 |    11 |    17 ||    30
         Leather armour    |       |       |    24 |    16 ||    40
  Dodge: Dodged            |    18 |    25 |   131 |    75 ||   249
  Block: Buckler           |       |       |       |    65 ||    65
